 Dungeon Crawl Stone Soup version 0.29-a0-1065-g47a6bb87d6 (webtiles) character file.

Game seed: 10007476729573015664

21676 Newt the Spear-Bearer (level 12, -4/92 HPs)
             Began as a Demonspawn Gladiator on Aug 18, 2022.
             Was the Champion of Okawaru.
             Slain by Kirke (6 damage)
             ... on level 12 of the Dungeon.
             The game lasted 00:32:38 (16968 turns).

Newt the Spear-Bearer (Demonspawn Gladiator)       Turns: 16968, Time: 00:32:39

Health: -4/92      AC: 10    Str: 19    XL:     12   Next: 56%
Magic:  12/12      EV: 13    Int: 10    God:    Okawaru [******]
Gold:   807        SH:  0    Dex: 18    Spells: 11/11 levels left

rFire   . . .      SeeInvis .   x - +12 glaive of Chaos {vorpal, *Rage Dex+3}
rCold   . . .      Faith    .   (shield currently unavailable)
rNeg    . . .      Spirit   .   Q - +0 troll leather armour
rPois   .          Reflect  .   c - +0 helmet
rElec   .          Harm     .   w - +2 cloak
rCorr   .          Rampage  .   (no gloves)
Will    ++...      Rage     20% L - +0 pair of boots {Fly}
Stlth   +++.......              (no amulet)
HPRegen 1.05/turn               R - ring of willpower
MPRegen 0.13/turn               V - ring of willpower

@: on berserk cooldown, flying, slowed, very slow
A: claws 2, (demonic guardian 1), spiny 1, sturdy frame 2
a: Renounce Religion, Heroism, Finesse, Duel


You were on level 12 of the Dungeon.
You worshipped Okawaru.
Okawaru was exalted by your worship.
You visited 2 branches of the dungeon, and saw 13 of its levels.
You also visited: Sewer and Bailey.

You collected 1132 gold pieces.
You spent 325 gold pieces at shops.

Inventory:

Hand Weapons
 a - a +1 dagger of venom
 b - a +0 sling
 j - a +0 rapier
 t - a +2 short sword of freezing
 x - the +12 glaive of Chaos (weapon) {vorpal, *Rage Dex+3}
   (Okawaru gifted it to you on level 11 of the Dungeon)

   It inflicts extra damage upon your enemies.
   Dex:       It affects your dexterity (+3).
   *Rage:     It berserks you when you make melee attacks (+20% chance).
 A - a +0 dagger of venom
 K - the +10 halberd "Gokhli" {vorpal, rElec rPois Int-2}
   (You found it on level 7 of the Dungeon)

   It inflicts extra damage upon your enemies.
   Int:       It affects your intelligence (-2).
   rElec:     It insulates you from electricity.
   rPois:     It protects you from poison.
 X - a -1 demon whip of venom
Missiles
 e - 6 javelins
 p - 6 atropa-tipped darts
 y - 46 poisoned darts (quivered)
 W - 4 curare-tipped darts
Armour
 c - a +0 helmet (worn)
 d - a +1 ring mail of cold resistance
 n - a +0 leather armour
 r - a +0 chain mail
 w - a +2 cloak (worn)
 L - a +0 pair of boots of flying (worn)
 Q - a +0 troll leather armour (worn)
 U - a +3 buckler
 Y - +0 steam dragon scales
Jewellery
 l - a ring of wizardry
 F - a ring of see invisible
 G - an amulet of reflection
 R - a ring of willpower (left claw)
 S - a ring of protection from cold
 V - a ring of willpower (right claw)
 Z - a ring of resist corrosion
Wands
 h - a wand of flame (47)
 B - a wand of digging (8)
 M - a wand of iceblast (8)
 N - a wand of polymorph (14)
Scrolls
 f - a scroll of magic mapping
 i - 2 scrolls of poison
 m - 4 scrolls of teleportation
 q - a scroll of butterflies
 D - 4 scrolls of fear
 O - 2 scrolls of blinking
Potions
 k - 7 potions of curing
 o - a potion of haste
 v - 5 potions of brilliance
 z - 2 potions of berserk rage
 H - 2 potions of heal wounds
 I - 2 potions of might {unknown}
 J - 3 potions of degeneration {unknown}
 P - 2 potions of mutation {unknown}
 T - 2 potions of lignification {unknown}
Miscellaneous
 g - a lightning rod (4/4)


   Skills:
 - Level 8.0 Fighting
 - Level 6.0 Short Blades
 - Level 12.1 Polearms
 - Level 1.7 Throwing
 - Level 6.0 Armour
 - Level 2.6 Dodging
 - Level 6.0 Stealth
 + Level 10.3 Evocations


You had 11 spell levels left.
You didn't know any spells.
Your spell library contained the following spells:

 Spells                   Type           Power      Damage    Failure   Level
 Foxfire                  Conj/Fire      0%         2x1d4     36%         1
 Magic Dart               Conj           0%         1d3       36%         1
 Necrotise                Necr           0%         1d4       36%         1
 Searing Ray              Conj           0%         2d4       50%         2
 Conjure Flame            Conj/Fire      0%         6-21      75%         3
 Gell's Gravitas          Tloc           0%         N/A       75%         3
 Inner Flame              Hex/Fire       0%         N/A       75%         3
 Ozocubu's Armour         Ice            0%         N/A       75%         3
 Portal Projectile        Hex/Tloc       0%         N/A       75%         3
 Teleport Other           Tloc           0%         N/A       75%         3
 Vampiric Draining        Necr           0%         2d6       75%         3
 Cause Fear               Hex            0%         N/A       98%         4
 Flame Wave               Conj/Fire      0%         2d4       98%         4
 Fulminant Prism          Conj/Hex       0%         3d6       98%         4
 Leda's Liquefaction      Hex/Erth       0%         N/A       98%         4
 Agony                    Necr           0%         N/A       100%        5
 Metabolic Englaciation   Hex/Ice        0%         N/A       100%        5
 Dispersal                Tloc           0%         N/A       100%        6
 Dragon Form              Tmut           0%         N/A       100%        7
 Disjunction              Tloc           0%         N/A       100%        8
 Call Canine Familiar     Summ           Unusable   N/A       N/A         3
 Simulacrum               Ice/Necr       Unusable   N/A       N/A         6
 Malign Gateway           Summ/Tloc      Unusable   N/A       N/A         7
 Dragon's Call            Summ           Unusable   N/A       N/A         9

Dungeon Overview and Level Annotations

Branches:
Dungeon (12/15)            Temple (1/1) D:4            Lair (0/5) D:8
    Orc (0/2) D:9           Sewer (visited)          Bailey (visited)

Altars:
Ashenzari
Cheibriados
Dithmenos
Fedhas
Gozag
Hepliaklqana
Kikubaaqudgha
Makhleb
Nemelex Xobeh
Okawaru
Qazlal
Ru
Sif Muna
Trog
Uskayaw
Vehumet
Wu Jian
Xom
Yredelemnul

Shops:
D:9 =

Annotations:
D:5 Menkaure
D:12 Kirke
Temple 2 transporters


Innate Abilities, Weirdness & Mutations

You have very sharp fingernails.
((A weak demonic guardian rushes to your aid.))
You are partially covered in sharp spines.
Your movements are less encumbered by armour. (ER -4)


Message History

You are exhausted.
You feel yourself slow down.
There is an open door here.
A cyclops comes into view.
The cyclops throws a large rock.
The large rock hits you!!
A vampire mosquito comes into view.
You hear some strange, mumbled words.
Something tries to affect you, but you resist.
You barely miss the cyclops.
A vampire mosquito comes into view.
The cyclops barely misses you.
You slash the cyclops!
The cyclops is moderately wounded.
The sentinel's mark upon you fades away.
Something hits you!
The cyclops hits you but does no damage.
You slash the cyclops!
The cyclops is severely wounded.
You hear some strange, mumbled words.
Something tries to affect you, but you resist.
The cyclops hits you but does no damage.
Something hits you.
You barely miss the cyclops.
The cyclops is severely wounded.
You hear some strange, mumbled words.
Something tries to affect you, but you resist.
The cyclops closely misses you.
You hit the cyclops.
The cyclops is severely wounded.
A gargoyle comes into view. It is wielding a +0 flail.
Something hits you! The cyclops is struck by your spines.
The cyclops hits you!!
* * * LOW HITPOINT WARNING * * *
Something hits you but does no damage. The cyclops hits you!
* * * LOW HITPOINT WARNING * * *
You feel better. Something hits you but does no damage.
The cyclops is struck by your spines. The cyclops hits you!
* * * LOW HITPOINT WARNING * * *
Something hits you.
You die...

#+## ### #......#
..# #......# #.#
#......# .9.
+......# #.#
#......# #.#
#......# #C#
#......# #@#
#.....†† #.#
#......# #h#
####..## #h# ###.###
#h# #...... ###y####
#...... #..Hy..#
#...... #......###
#......
+......'.#####......


You could see a manticore (summoned), a cyclops, 3 hogs, 2 vampire mosquitoes
and a gargoyle.

Vanquished Creatures
  Erica (D:9)
  5 two-headed ogres
  Amaemon (D:9)
  Sonja (D:11)
  Pikel (D:5)
  A deep elf pyromancer (D:12)
  A manticore (D:12)
  An ice statue (D:9)
  An orange demon (D:10)
  A gargoyle (D:12)
  An unseen horror (D:12)
  A komodo dragon (D:11)
  6 ice devils (D:9)
  A troll (D:8)
  Grinder (D:5)
  2 shadows
  Sigmund (D:5)
  3 wraiths
  3 wyverns
  35 yaks
  4 hogs (D:12)
  Grum (D:9)
  2 steam dragons
  2 acid dragons
  An ice beast (D:5)
  11 orc warriors
  A black bear (D:4)
  2 ogres (D:6)
  3 wolves
  3 centaurs
  A phantom (D:5)
  4 kobold brigands
  2 bullfrogs
  2 necrophages
  A gnoll sergeant (D:9)
  3 scorpions
  9 killer bees
  11 howler monkeys
  4 electric eels (D:8)
  10 hounds
  Crazy Yiuf (D:2)
  2 jellies
  6 orc priests
  A gnoll bouda (D:4)
  4 iguanas
  Natasha (twice) (D:2)
  6 orc wizards
  Robin (D:2)
  17 gnolls
  6 adders
  A shadow imp (D:7)
  7 ufetubi
  3 worms
  5 dart slugs
  54 orcs
  8 endoplasms
  4 giant cockroaches
  14 hobgoblins
  2 jackals (Sewer)
  7 ball pythons
  7 bats
  2 frilled lizards
  10 goblins
  46 kobolds
  10 rats
371 creatures vanquished.

Vanquished Creatures (others)
  6 plants (D:8)
6 creatures vanquished.

Grand Total: 377 creatures vanquished

Notes
Turn   | Place    | Note
-------+----------+-------------------------------------------
     0 | D:1      | Newt the Demonspawn Gladiator began the quest for the Orb.
     0 | D:1      | Reached XP level 1. HP: 16/16 MP: 1/1
    51 | D:1      | Reached skill level 1 in Stealth
   103 | D:1      | Gained mutation: Your movements are slightly less
                  | encumbered by armour. (ER -2) [demonic ancestry]
   103 | D:1      | Reached XP level 2. HP: 22/22 MP: 2/2
   541 | D:1      | Found a faded altar of an unknown god.
  1107 | D:2      | Gained mutation: Your movements are less encumbered by
                  | armour. (ER -4) [demonic ancestry]
  1107 | D:2      | Reached XP level 3. HP: 27/27 MP: 3/3
  1247 | D:2      | Noticed Robin
  1277 | D:2      | Killed Robin
  1439 | D:2      | Found a runed translucent door.
  1440 | D:2      | Noticed Crazy Yiuf
  1631 | D:2      | Gained mutation: You have sharp fingernails. [demonic
                  | ancestry]
  1631 | D:2      | Reached XP level 4. HP: 33/33 MP: 4/4
  1695 | D:2      | Noticed Natasha
  1705 | D:2      | Killed Natasha
  2039 | D:2      | Killed Crazy Yiuf
  2198 | D:2      | Noticed Natasha
  2211 | D:2      | Killed Natasha
  2212 | D:2      | Reached XP level 5. HP: 34/41 MP: 5/5
  2324 | D:3      | Found a glowing drain.
  2348 | Sewer    | Entered a sewer
  4086 | D:4      | Reached XP level 6. HP: 45/48 MP: 6/6
  4666 | D:4      | Reached XP level 7. HP: 49/54 MP: 7/7
  4810 | D:4      | Found a staircase to the Ecumenical Temple.
  4838 | Temple   | Entered the Ecumenical Temple
  4838 | Temple   | Found a transporter.
  4838 | Temple   | Found a transporter.
  4840 | Temple   | Found a transporter.
  4840 | Temple   | Found a transporter.
  4851 | Temple   | Became a worshipper of Warmaster Okawaru
  5129 | D:4      | Found a shimmering blue altar of Sif Muna.
  6000 | D:4      | Reached skill level 5 in Stealth
  6280 | D:5      | Entered Level 5 of the Dungeon
  6380 | D:5      | Noticed Menkaure
  6440 | D:4      | HP: 2/54 [hound (5)]
  6825 | D:5      | Reached * piety under Okawaru
  6826 | D:5      | Reached skill level 1 in Evocations
  6992 | D:5      | Reached XP level 8. HP: 55/60 MP: 8/8
  7466 | D:5      | Noticed Pikel
  7483 | D:5      | Killed Pikel
  7484 | D:5      | Reached skill level 5 in Evocations
  7614 | D:5      | Noticed Grinder
  7617 | D:5      | Paralysed by Grinder for 2 turns
  7637 | D:5      | Paralysed by Grinder for 2 turns
  7643 | D:5      | Killed Grinder
  7644 | D:5      | Reached skill level 5 in Short Blades
  7824 | D:5      | Noticed Sigmund
  7828 | D:5      | Killed Sigmund
  7829 | D:5      | Gained mutation: You have very sharp fingernails. [demonic
                  | ancestry]
  7829 | D:5      | Reached XP level 9. HP: 65/65 MP: 9/9
  7978 | D:6      | Reached ** piety under Okawaru
  8459 | D:6      | Reached skill level 5 in Armour
  9204 | D:7      | Found a flagged portal.
  9212 | D:7      | Identified the +10 halberd "Gokhli" {vorpal, rElec rPois
                  | Int-2}
  9216 | Bailey   | Entered a bailey
  9249 | Bailey   | Reached skill level 1 in Polearms
  9429 | Bailey   | Reached skill level 2 in Polearms
  9607 | Bailey   | Reached skill level 3 in Polearms
  9670 | Bailey   | Reached skill level 4 in Polearms
 10178 | Bailey   | Got the Atlas of Dislocated Bewitchment
 10200 | Bailey   | Reached skill level 5 in Polearms
 10435 | D:7      | Found a stormy altar of Qazlal.
 10662 | D:7      | Reached *** piety under Okawaru
 11029 | D:8      | Gained mutation: A weak demonic guardian rushes to your
                  | aid. [demonic ancestry]
 11029 | D:8      | Reached XP level 10. HP: 71/71 MP: 10/10
 11159 | D:8      | Reached skill level 6 in Polearms
 11382 | D:8      | Reached skill level 7 in Polearms
 11545 | D:8      | Found a staircase to the Lair.
 11575 | D:8      | Reached **** piety under Okawaru
 11869 | D:8      | Reached skill level 8 in Polearms
 12554 | D:7      | Reached skill level 9 in Polearms
 13124 | D:9      | Found a staircase to the Orcish Mines.
 13155 | D:9      | Reached ***** piety under Okawaru
 13162 | D:9      | Reached skill level 10 in Polearms
 13291 | D:9      | Noticed an ice statue
 13360 | D:9      | Reached XP level 11. HP: 77/77 MP: 11/11
 13379 | D:9      | Noticed Erica
 13394 | D:9      | Killed Erica
 13520 | D:9      | Found Vunallae's Jewellery Emporium.
 13525 | D:9      | Bought a ring of willpower for 325 gold pieces
 13568 | D:9      | Found a hazy altar of Hepliaklqana.
 13589 | D:9      | Noticed Grum
 13601 | D:9      | Killed Grum
 14122 | D:9      | Reached skill level 11 in Polearms
 14418 | D:10     | Entered Level 10 of the Dungeon
 14470 | D:10     | Noticed Amaemon
 14530 | D:9      | Killed Amaemon
 14531 | D:9      | Reached skill level 12 in Polearms
 14813 | D:10     | Reached skill level 5 in Fighting
 15146 | D:10     | Noticed a two-headed ogre
 15151 | D:10     | Killed a two-headed ogre
 15237 | D:11     | Reached ****** piety under Okawaru
 15442 | D:11     | Noticed Sonja
 15444 | D:11     | Killed Sonja
 15653 | D:11     | Noticed a two-headed ogre
 15662 | D:11     | Killed a two-headed ogre
 15663 | D:11     | Gained mutation: You are partially covered in sharp spines.
                  | [demonic ancestry]
 15663 | D:11     | Reached XP level 12. HP: 72/92 MP: 12/12
 15938 | D:11     | Noticed a two-headed ogre
 15945 | D:11     | Killed a two-headed ogre
 15945 | D:11     | Identified the +12 glaive of Chaos {vorpal, *Rage Dex+3}
                  | (Okawaru gifted it to you on level 11 of the Dungeon)
 15945 | D:11     | Received a gift from Okawaru
 16508 | D:12     | Noticed a two-headed ogre
 16513 | D:12     | Killed a two-headed ogre
 16677 | D:12     | Noticed a two-headed ogre
 16683 | D:12     | Killed a two-headed ogre
 16857 | D:12     | Reached skill level 10 in Evocations
 16947 | D:12     | Noticed Kirke
 16968 | D:12     | HP: 2/92 [cyclops (12)]
 16968 | D:12     | Slain by Kirke

Illustrated notes

Levels and vault maps discovered:
D:1:      lightli_arrival_quake, layout_rooms,
          dilly_ecumenical_altar_fadedgnrine
D:2:      layout_basic, uniq_robin, uniq_crazy_yiuf_cottage, uniq_natasha
D:3:      layout_basic, portal_sewer_entry_a, nicolae_hexahallways
D:4:      kb_forest_paths, layout_basic, kennysheep_orc_sif_temple,
          minmay_temple_entry_steel_oval, minmay_between
D:5:      layout_basic, uniq_grinder, uniq_menkaure, uniq_sigmund, uniq_pikel
D:6:      layout_basic, minmay_quadrilaterals
D:7:      layout_basic, mainiacjoe_overflow_boulevard, enter_bailey_2,
          nicolae_underground_beach
D:8:      kennysheep_kobold_camp, layout_gridville, erik_lair_island,
          serial_rivers, chequers_serial_rivers_large_b,
          chequers_serial_rivers_small_b, chequers_serial_rivers_micro_d,
          chequers_serial_rivers_room_a
D:9:      cheibrodos_frozen_isle, layout_basic, mainiacjoe_overflow_paths,
          orc_0_dummy, serial_shops, shop, uniq_grum, uniq_erica
D:10:     layout_rooms, serial_curves, eino_curves_01, eino_curves_02,
          eino_curves_04, eino_curves_01, uniq_amaemon
D:11:     layout_loops_corners, uniq_sonja
D:12:     layout_roguey, uniq_kirke
Temple:   hellmonk_temple_divided_pantheon

Skill      XL: |  1  2  3  4  5  6  7  8  9 10 11 12 |
---------------+-------------------------------------+-----
Stealth        | 1 2 3 6 |  6.0
Short Blades   | 3 4 5 6 |  6.0
Fighting       | 3 4 8 |  8.0
Armour         | 2 4 6 |  6.0
Evocations     | 1 6 10 | 10.3
Polearms       | 5 10 12 | 12.1
Throwing       | |  1.7
Dodging        | |  2.6

Action                   |  1- 3 |  4- 6 |  7- 9 | 10-12 || total
-------------------------+-------+-------+-------+-------++-------
Melee: Rapier            |    40 |       |       |       ||    40
       Dagger            |    81 |   219 |   470 |       ||   770
       Short sword       |    12 |     8 |       |       ||    20
       Punch             |     1 |     1 |     5 |       ||     7
       Halberd           |       |       |    73 |   438 ||   511
       Glaive            |       |       |       |    61 ||    61
 Fire: Sling             |    14 |     2 |     2 |       ||    18
Throw: Throwing net      |       |     2 |     3 |       ||     5
       Stone             |       |     1 |       |       ||     1
       Dart              |       |       |     7 |     9 ||    16
Invok: Heroism           |       |       |       |     1 ||     1
Evoke: Wand              |       |       |     2 |       ||     2
  Use: Scroll            |     2 |     2 |     6 |     9 ||    19
       Potion            |       |     1 |     1 |     3 ||     5
 Stab: Held in net/web   |       |     1 |       |       ||     1
       Sleeping          |       |       |     3 |     7 ||    10
       Distracted        |       |       |     1 |     1 ||     2
Armor: Leather armour    |    13 |       |       |       ||    13
       Chain mail        |    36 |   105 |   197 |    30 ||   368
       Troll leather arm |       |       |       |   102 ||   102
Dodge: Dodged            |    59 |    72 |   219 |   271 ||   621

Table legend: (Time is in decaauts)
 A = Elapsed time spent in this place.
 B = Non-inter-level travel time spent in this place.
 C = Inter-level travel time spent in this place.
 D = Time resting spent in this place.
 E = Time spent auto-exploring this place.
 F = Levels seen in this place.
 G = Mean time per level.
                   A        B        C        D        E       F      G
               +--------+--------+--------+--------+--------+-----+--------+
         Total |  16974 |  16414 |    560 |   4427 |   8735 |  15 | 1131.6 |
       Dungeon |  15348 |  14788 |    560 |   3748 |   8215 |  12 | 1279.0 |
        Temple |     26 |     26 |      0 |      0 |      0 |   1 |   26.0 |
         Sewer |    502 |    502 |      0 |     70 |    335 |   1 |  502.0 |
        Bailey |   1097 |   1097 |      0 |    609 |    183 |   1 | 1097.0 |
               +--------+--------+--------+--------+--------+-----+--------+

Top non-repeatable levels by time:
     D:4: 2250 daAuts
     D:8: 1816 daAuts
     D:3: 1606 daAuts
     D:9: 1522 daAuts
     D:2: 1375 daAuts
     D:5: 1301 daAuts
    D:11: 1278 daAuts
     D:6: 1197 daAuts
  Bailey: 1097 daAuts
     D:7: 945 daAuts
     D:1: 828 daAuts
    D:10: 697 daAuts
    D:12: 526 daAuts
   Sewer: 502 daAuts
  Temple: 26 daAuts
